 Dungeon Crawl Stone Soup version 0.29.1-4-g47bece8355 (webtiles) character file.

Game seed: 8021561593908389492

60 Mune the Covered (level 3, -5/33 HPs)
             Began as a Minotaur Fighter on Dec 4, 2022.
             Slain by a gnoll
             ... wielding a +0 halberd
              (8 damage)
             ... on level 3 of the Dungeon.
             The game lasted 00:03:07 (1864 turns).

Mune the Covered (Minotaur Fighter)                 Turns: 1864, Time: 00:03:08

Health: -5/33      AC:  9    Str: 20    XL:     3   Next: 80%
Magic:  2/2        EV:  7    Int:  5    God:
Gold:   192        SH:  4    Dex: 11    Spells: 2/2 levels left

rFire   . . .      SeeInvis .   a - +0 long sword
rCold   . . .      Faith    .   c - +0 buckler
rNeg    . . .      Spirit   .   p - +0 chain mail
rPois   .          Reflect  .   (helmet restricted)
rElec   .          Harm     .   (no cloak)
rCorr   .          Rampage  .   (no gloves)
Will    .....                   (no boots)
Stlth   ..........              (no amulet)
HPRegen 0.11/turn               (no ring)
MPRegen 0.08/turn               (no ring)

@: mighty
A: horns 2, retaliatory headbutt
a: no special abilities


You were on level 3 of the Dungeon.
You visited 1 branch of the dungeon, and saw 3 of its levels.

You collected 192 gold pieces.

Inventory:

Hand Weapons
 a - a +0 long sword (weapon)
Armour
 b - a +0 scale mail
 c - a +0 buckler (worn)
 p - a +0 chain mail (worn)
Scrolls
 g - 3 scrolls of identify {unknown}
 h - a scroll of fear {unknown}
 i - a scroll of butterflies {unknown}
 l - 3 scrolls of amnesia {unknown}
 m - 2 scrolls of teleportation {unknown}
 n - a scroll of magic mapping {unknown}
Potions
 d - 2 potions of might
 e - a potion of heal wounds {unknown}
 f - 2 potions of mutation {unknown}
 j - a potion of magic {unknown}
 k - a potion of flight {unknown}
 o - 2 potions of attraction {unknown}
 q - a potion of cancellation {unknown}


   Skills:
 + Level 3.8 Fighting
 + Level 3.2 Long Blades
 + Level 4.4 Armour
 + Level 1.0 Dodging
 + Level 0.1 Stealth
 + Level 4.2 Shields


You had 2 spell levels left.
You didn't know any spells.
Your spell library contained the following spells:

 Spells                   Type           Power      Damage    Failure   Level
 Hailstorm                Conj/Ice       0%         3d3       100%        4
 Sticky Flame             Conj/Fire      0%         2d3       100%        4
 Conjure Ball Lightning   Conj/Air       0%         3x3d6     100%        6
 Iron Shot                Conj/Erth      0%         9d1       100%        6


Dungeon Overview and Level Annotations

Branches:
Dungeon (3/15)

Altars:


Innate Abilities, Weirdness & Mutations

You have a pair of horns on your head.
You reflexively headbutt those who attack you in melee.


Message History

There is a stone staircase leading up here.
You now have 192 gold pieces (gained 13).
There is a stone staircase leading down here.
A rat comes into view.
You block the rat's attack.
You hit the rat.
You kill the rat!
Your Dodging skill increases to level 1!
Found a stone staircase leading up.
q - a fuming blue potion A gnoll comes into view.
It is wielding a +0 spear.
The gnoll shouts!
A gnoll comes into view. It is wielding a +0 flail.
A frilled lizard comes into view.
A gnoll comes into view. It is wielding a +0 halberd.
The gnoll shouts! x2; The frilled lizard hisses angrily.
Found a stone staircase leading down.
A gnoll comes into view. It is wielding a +0 flail.
The gnoll hits you with a +0 spear.
You feel very mighty all of a sudden.
The frilled lizard bites you but does no damage.
You block the gnoll's attack.
The gnoll hits you from afar with a +0 halberd!
You slash the gnoll!
The gnoll is severely wounded.
The frilled lizard barely misses you.
The gnoll hits you from afar with a +0 halberd!
* * * LOW HITPOINT WARNING * * *
You slash the gnoll!
The gnoll is severely wounded.
The frilled lizard bites you but does no damage.
You block the gnoll's attack. The gnoll closely misses you.
You slash the gnoll!
You kill the gnoll!
The frilled lizard closely misses you.
The gnoll hits you from afar with a +0 spear.
* * * LOW HITPOINT WARNING * * *
The gnoll completely misses you. The gnoll hits you but does no damage.
The gnoll hits you from afar with a +0 halberd!
You die...

#.. .... #........ ..
....#.. #....... ..
.......####....... .
.....#........... .
.#.# ..........#.###..
#.#..
##.....<.gg...... .
#.# ##........gl....#
###.# #.........@....#
#...###.#........#..##
>...........###..# .#
..####....### #.......
..#.......# ##.......
.##.###.#.# ........#
.#. #...# .........
...# ...## >.......
.### #.#.. .........


You could see 3 gnolls and a frilled lizard.

Vanquished Creatures
  An adder (D:2)
  A gnoll (D:3)
  A dart slug (D:2)
  2 bats (D:1)
  4 endoplasms
  3 giant cockroaches
  3 goblins
  6 hobgoblins (D:1)
  8 jackals
  4 kobolds
  A quokka (D:1)
  5 ball pythons
  2 frilled lizards (D:2)
  A rat (D:3)
42 creatures vanquished.

Vanquished Creatures (others)
  8 plants (D:2)
8 creatures vanquished.

Grand Total: 50 creatures vanquished

Notes
Turn   | Place    | Note
-------+----------+-------------------------------------------
     0 | D:1      | Mune the Minotaur Fighter began the quest for the Orb.
     0 | D:1      | Reached XP level 1. HP: 19/19 MP: 0/0
   387 | D:1      | Reached XP level 2. HP: 26/27 MP: 1/1
   504 | D:1      | Got the Essays on the Breezy Salvo
   528 | D:1      | Found a faded altar of an unknown god.
  1009 | D:2      | Reached XP level 3. HP: 33/33 MP: 2/2
  1848 | D:3      | Reached skill level 1 in Dodging
  1864 | D:3      | Slain by a gnoll

Illustrated notes

Levels and vault maps discovered:
D:1:      psy_arrival_spokes, layout_loops_ring, ebering_ecumenical_altar_mist,
          dk_noncrumbling_4, chequers_hall_statues_wall_a
D:2:      layout_rooms, serial_bayou_ford_a
D:3:      layout_rooms, gammafunk_temple_overflow_statue, uniq_jessica

Skill      XL: |  1  2  3 |
---------------+----------+-----
Shields        | 4 |  4.2
Armour         | 4 |  4.4
Long Blades    | 3 |  3.2
Dodging        | 1 |  1.0
Fighting       | |  3.8
Stealth        | |  0.1

Action                   || total
-------------------------++-------
Melee: Long sword        ||    81
       Headbutt          ||    11
  Use: Potion            ||     1
Armor: Scale mail        ||    47
       Chain mail        ||     8
Dodge: Dodged            ||    53
Block: Buckler           ||    29
